 Dungeon Crawl Stone Soup version 0.20.1-1-g8b1a95d (webtiles) character file.

1059 Lanoc the Archer (level 8, -6/66 HPs)
             Began as a Centaur Wanderer on Nov 25, 2017.
             Was a Follower of Okawaru.
             Mangled by Ymberto's ghost (14 damage)
             ... on level 6 of the Dungeon.
             The game lasted 00:26:34 (4775 turns).

Lanoc the Archer (Centaur Wanderer)                 Turns: 4775, Time: 00:26:36

Health: -6/66      AC:  4    Str: 13    XL:     8   Next: 6%
Magic:  8/8        EV: 10    Int: 16    God:    Okawaru [*.....]
Gold:   318        SH:  0    Dex: 14    Spells: 7/7 levels left

rFire    . . .     SeeInvis .   q - +3 trident
rCold    . . .     Gourm    .   (no shield)
rNeg     . . .     Faith    .   e - +0 robe
rPois    .         Spirit   .   (no helmet)
rElec    .         Reflect  .   (no cloak)
rCorr    .         Harm     .   (no gloves)
MR       .....                  (no barding)
Stlth    +.........             g - amulet of rage
Regen    0.3/turn               n - ring of wizardry
MPRegen  0.2/turn               t - +6 ring of intelligence

@: berserk cooldown, slowed
A: hooves 3, deformed body, speed 2, tough skin 3
a: Heroism, Renounce Religion, Evoke Berserk Rage


You were on level 6 of the Dungeon.
You worshipped Okawaru.
Okawaru was aware of your devotion.
You were not hungry.

You visited 1 branch of the dungeon, and saw 6 of its levels.

You collected 318 gold pieces.

Inventory:

Hand Weapons
 a - a +2 shortbow
 q - a +3 trident (weapon)
Missiles
 p - 10 bolts
 z - 5 arrows
Armour
 e - a +0 robe (worn)
Jewellery
 g - an amulet of rage (around neck)
 n - a ring of wizardry (left hand)
 t - a +6 ring of intelligence (right hand)
Wands
 d - a wand of random effects (15/48)
Scrolls
 c - a scroll of recharging {unknown}
 h - 4 scrolls of remove curse
 i - a scroll of noise {unknown}
 j - a scroll of fear {unknown}
 l - 4 scrolls of identify {unknown}
 s - a scroll of random uselessness {unknown}
 u - 3 scrolls of teleportation {unknown}
 x - 2 scrolls of fog {unknown}
 y - a scroll of torment {unknown}
 C - a scroll of enchant armour {unknown}
Potions
 b - a potion of degeneration {unknown}
 k - a potion of flight {unknown}
 m - 3 potions of heal wounds
 o - 3 potions of cancellation {unknown}
 r - 2 potions of lignification {unknown}
 w - a potion of might {unknown}
 A - a potion of mutation {unknown}
Comestibles
 f - 3 bread rations
 v - 3 chunks of flesh
 B - 5 fruits


   Skills:
 + Level 3.9 Fighting
 + Level 0.5 Polearms
 + Level 10.3 Bows
   Level 3.2 Crossbows
 + Level 1.8 Armour
 + Level 1.5 Dodging
 + Level 1.1 Stealth
   Level 1.0 Shields
 + Level 1.0 Evocations


You had 7 spell levels left.
You didn't know any spells.

Dungeon Overview and Level Annotations

Branches:
Dungeon (6/15)
 Temple: D:4-7

Altars:
Dithmenos
Fedhas
Okawaru
Ru
Sif Muna
Trog
Yredelemnul

Shops:
D:6 }?(

Annotations:
D:6 Ymberto's ghost, novice HuFi


Innate Abilities, Weirdness & Mutations

You have hooves in place of feet.
Armour fits poorly on your strangely shaped body.
You cover ground very quickly.
You have extremely tough skin. (AC +3)


Message History

Ymberto's ghost is heavily damaged.
Ymberto's ghost hits you.
You barely miss Ymberto's ghost.
Ymberto's ghost is heavily damaged.
The orc hits you but does no damage. Ymberto's ghost hits you!
* * * LOW HITPOINT WARNING * * *
The orc hits you with a dagger.
* * * LOW HITPOINT WARNING * * *
You feel a strong urge to attack something.
You hit the orc. Your kick misses the orc.
The orc is almost dead.
The orc hits you.
* * * LOW HITPOINT WARNING * * *
You hit the orc.
You kill the orc!
Okawaru accepts your kill.
You are no longer berserk.
You are exhausted.
You feel yourself slow down. The orc misses you. Ymberto's ghost hits you!
You die...

###### #####..# #.#
.# ..#.. .∩.....##
#.# # #.#.#
#######..# #..
#.#'###<....#..## ##
#...............#
..............#.#####
#.#
....................#
#.#
....∩........###[##.#
#.# # #............#
#@(#+#####.####.#.
##...........#
#oW(....##........
#.....∩.....#
#...(...##........
#...........#
#.......##.....###
#...........#
#......)..).......
#####......##
###+######.......#
######.# #.......# .#
#.##....# .# #+#
....#


You could see Ymberto's ghost and an orc.

Vanquished Creatures
  An orc warrior (D:6)
  An ice beast (D:3)
  2 ogres
  A howler monkey (D:5)
  2 crimson imps (D:5)
  A hound (D:5)
  5 orc wizards
  4 orc priests
  An iguana (D:4)
  3 worker ants
  A hound skeleton (D:5)
  5 adders
  3 gnolls (D:5)
  An adder skeleton (D:4)
  2 worms (D:2)
  4 dart slugs
  4 leopard geckos
  10 orcs
  2 giant cockroaches (D:3)
  2 gnoll zombies (D:5)
  6 goblins
  2 hobgoblins
  22 jackals
  4 quokkas
  A ball python (D:5)
  8 bats
  3 frilled lizards
  A jackal skeleton (D:4)
  2 kobolds
  7 rats
111 creatures vanquished.

Notes
Turn   | Place    | Note
-------+----------+-------------------------------------------
     0 | D:1      | Lanoc the Centaur Wanderer began the quest for the Orb.
     0 | D:1      | Lanoc set off with: a +2 shortbow, 24 arrows, a +0 mace, a wand of random effects (15/48), a +0 robe, a bread ration
     0 | D:1      | Reached XP level 1. HP: 16/16 MP: 1/1
   230 | D:1      | Reached skill level 3 in Bows
   236 | D:1      | Reached XP level 2. HP: 21/23 MP: 2/2
   597 | D:1      | Reached XP level 3. HP: 27/28 MP: 3/3
   690 | D:1      | Reached skill level 4 in Bows
   915 | D:2      | Found a shadowy altar of Dithmenos.
  1387 | D:2      | Reached XP level 4. HP: 35/35 MP: 4/4
  1435 | D:3      | Reached skill level 5 in Bows
  1519 | D:3      | Found a deep blue altar of Sif Muna.
  1543 | D:3      | Reached XP level 5. HP: 9/41 MP: 5/5
  1600 | D:3      | Reached skill level 6 in Bows
  1706 | D:3      | Found a sacrificial altar of Ru.
  1707 | D:3      | Noticed an ice beast
  1960 | D:3      | Killed an ice beast
  1960 | D:3      | Reached XP level 6. HP: 37/50 MP: 6/6
  2231 | D:3      | Found an iron altar of Okawaru.
  2243 | D:3      | Became a worshipper of Warmaster Okawaru
  2309 | D:3      | Found a bloodstained altar of Trog.
  2571 | D:4      | Reached skill level 7 in Bows
  2571 | D:4      | Reached skill level 1 in Dodging
  2771 | D:4      | Reached skill level 8 in Bows
  2814 | D:4      | Found a blossoming altar of Fedhas.
  2981 | D:4      | Reached * piety under Okawaru
  3561 | D:5      | Entered Level 5 of the Dungeon
  3586 | D:5      | Reached XP level 7. HP: 42/56 MP: 7/7
  3784 | D:5      | Reached skill level 9 in Bows
  3993 | D:5      | Found a basalt altar of Yredelemnul.
  4470 | D:6      | Found Wemuiqur's Gadget Boutique.
  4470 | D:6      | Found Jowkyo's Magic Scroll Shop.
  4470 | D:6      | Noticed Ymberto's ghost (novice HuFi)
  4531 | D:6      | Reached skill level 10 in Bows
  4531 | D:6      | Reached skill level 1 in Stealth
  4625 | D:6      | Found Wodadal's Antique Weapon Shop.
  4647 | D:6      | Reached XP level 8. HP: 42/66 MP: 8/8
  4775 | D:6      | Mangled by Ymberto's ghost

Skill      XL: |  1  2  3  4  5  6  7 |
---------------+----------------------+-----
Bows           | 3 4 5 6 8 10 | 10.3
Fighting       | 2 3 |  3.9
Dodging        | 1 |  1.5
Stealth        | 1 |  1.1
Polearms       | |  0.5
Crossbows      | |  3.2
Armour         | |  1.8
Shields        | |  1.0
Evocations     | |  1.0

Action                   |  1- 3 |  4- 6 |  7- 9 || total
-------------------------+-------+-------+-------++-------
Melee: Mace              |     4 |       |       ||     4
       Trident           |       |     1 |    43 ||    44
       Kick              |       |       |     8 ||     8
 Fire: Shortbow          |   122 |   168 |    95 ||   385
 Abil: Evoke Berserk Rag |       |       |     2 ||     2
  Use: Scroll            |       |     1 |       ||     1
       Potion            |       |       |     3 ||     3
  Eat: Chunk             |       |     1 |     1 ||     2
       Meat ration       |       |     1 |     1 ||     2
Armor: Robe              |    23 |    20 |    17 ||    60
Dodge: Dodged            |    34 |    33 |    26 ||    93
